 Dungeon Crawl Stone Soup version 0.30-b1-2-g02819fbbbe (webtiles) character file.

Game seed: 13597274403660693805

42 Shekn the Shield-Bearer (level 3, -2/33 HPs)
             Began as a Minotaur Fighter on June 23, 2023.
             Was an Initiate of Yredelemnul.
             Slain by Terence
             ... wielding a +0 flail
              (7 damage)
             ... on level 2 of the Dungeon.
             The game lasted 00:17:36 (1539 turns).

Shekn the Shield-Bearer (Minotaur Fighter)          Turns: 1539, Time: 00:17:36

Health: -2/33      AC:  7    Str: 22    XL:     3   Next: 35%
Magic:  2/2        EV:  9    Int: 11    God:    Yredelemnul [......]
Gold:   76         SH:  4    Dex:  9    Spells: 2/2 levels left

rFire   . . .        a - +0 long sword (spect)
rCold   . . .        c - +0 buckler
rNeg    . . .        b - +0 scale mail
rPois   .            (helmet restricted)
rElec   .            (no cloak)
rCorr   +            (no gloves)
SInv    .            (no boots)
Will    .....        (no amulet) Stlth
                     f - ring of resist corrosion
HPRegen 0.25/turn    i - +6 ring of intelligence
MPRegen 0.08/turn

%: no passive effects
@: mighty
A: horns 2, retaliatory headbutt
a: Renounce Religion, Recall Undead Harvest


You were on level 2 of the Dungeon.
You worshipped Yredelemnul.
Yredelemnul was noncommittal.
You visited 1 branch of the dungeon, and saw 2 of its levels.

You collected 76 gold pieces.

Inventory:

Hand Weapons
 a - a +0 spectral long sword (weapon)
Missiles
 e - 24 stones (quivered)
Armour
 b - a +0 scale mail (worn)
 c - a +0 buckler (worn)
Jewellery
 f - a ring of resist corrosion (left hand)
 i - a +6 ring of intelligence (right hand)
Scrolls
 h - 2 scrolls of noise
Potions
 d - a potion of might
 g - 2 potions of curing


   Skills:
 + Level 4.0 Fighting
 + Level 3.0 Long Blades
 + Level 4.1 Armour
 + Level 0.7 Stealth
 + Level 4.1 Shields


You had 2 spell levels left.
You didn't know any spells.
Your spell library was empty.

Dungeon Overview and Level Annotations

Branches:
Dungeon (2/15)

Altars:
Yredelemnul

Shops:
D:2 ?!((

Annotations:
D:2 Terence


Innate Abilities, Weirdness & Mutations

You have a pair of horns on your head.
You reflexively headbutt those who attack you in melee.


Message History

Terence hits your rat zombie with a +0 flail!
Your rat zombie is destroyed!
You barely miss Terence.
Your +0 spectral long sword hits Terence.
Terence hits you but does no damage.
You completely miss Terence.
Terence is lightly wounded.
Your +0 spectral long sword barely misses Terence.
Terence hits you with a +0 flail!
You hit Terence but do no damage.
Terence is lightly wounded.
Your +0 spectral long sword hits Terence but does no damage.
Terence hits you with a +0 flail. Terence barely misses you.
You slash Terence! Your headbutt misses Terence.
Terence is heavily wounded.
Your +0 spectral long sword hits Terence.
Terence hits you with a +0 flail.
You feel very mighty all of a sudden.
Your +0 spectral long sword disappears.
Terence hits you with a +0 flail!
You closely miss Terence.
Terence is heavily wounded.
Your +0 spectral long sword barely misses Terence.
Terence hits you but does no damage.
You closely miss Terence. You headbutt Terence.
Terence is severely wounded.
Your +0 spectral long sword completely misses Terence.
Terence hits you with a +0 flail.
* * * LOW HITPOINT WARNING * * *
Terence attacks as you move away! You block Terence's attack.
Your +0 spectral long sword disappears.
Terence attacks as you move away! Terence hits you with a +0 flail.
* * * LOW HITPOINT WARNING * * *
Terence says, "Don't bother to defend, it's pointless."
There is a stone staircase leading down here.
Terence attacks as you move away! Terence barely misses you.
Found a stone staircase leading up.
Terence attacks as you move away! Terence hits you with a +0 flail!
You die...
Your body rises from the dead as a mindless zombie.

..# #.. #.##########
... <...........# # ...
#.... ....... . .. #...
......##### #.##..
#......# ###.#..# #
#......# #.....@#.#
#......# #.....@..#
#...≈..#
#.....#########[..≈~~##
#....>............≈....
#........######...≈....
#........#...Z....≈....
#........#........≈....
#........#......##≈#...
#........#......####...


You could see Terence.

Vanquished Creatures
  An adder (D:2)
  2 dart slugs (D:1)
  2 ball pythons (D:2)
  2 endoplasms (D:1)
  2 giant cockroaches (D:1)
  A goblin (D:1)
  A hobgoblin (D:1)
  4 kobolds
  A quokka (D:1)
  5 bats
  5 rats
26 creatures vanquished.

Vanquished Creatures (collateral kills)
  2 endoplasms (D:1)
  A kobold (D:1)
3 creatures vanquished.

Vanquished Creatures (others)
  A bat zombie (D:1)
  A kobold zombie (D:2)
  A rat zombie (D:2)
3 creatures vanquished.

Grand Total: 32 creatures vanquished

Notes
Turn   | Place    | Note
-------+----------+-------------------------------------------
     0 | D:1      | Shekn the Minotaur Fighter began the quest for the Orb.
     0 | D:1      | Reached XP level 1. HP: 19/19 MP: 0/0
    52 | D:1      | Found a faded altar of an unknown god.
    98 | D:1      | Prayed at the altar of an unknown god.
    98 | D:1      | Became a worshipper of Yredelemnul the Dark
    98 | D:1      | Reached * piety under Yredelemnul
   183 | D:1      | Reached XP level 2. HP: 27/27 MP: 1/1
   456 | D:1      | Reached ** piety under Yredelemnul
  1037 | D:2      | Found Fyvuul's Magic Scroll Emporium.
  1041 | D:2      | Found Eppoipuca's Weapon Boutique.
  1069 | D:2      | Reached XP level 3. HP: 33/33 MP: 2/2
  1127 | D:2      | Found Marphuizi's Distillery.
  1176 | D:2      | Found Ysuiz's Weapon Shop.
  1510 | D:2      | Noticed Terence
  1539 | D:2      | Slain by Terence

Illustrated notes

Levels and vault maps discovered:
D:1:      dpeg_arrival_pits, layout_basic, ebering_ecumenical_altar_webs,
          grunt_decor_cap
D:2:      layout_basic, serial_shops, nicolae_shop_bloodbath_and_beyond, shop,
          nicolae_shop_tiny_glass, shop, minmay_misc_feat_columns,
          chequers_serial_rivers_micro_e, chequers_serial_rivers_micro_a,
          uniq_terence

Skill      XL: |  1  2  3 |
---------------+----------+-----
Shields        | 4 |  4.1
Armour         | 4 |  4.1
Fighting       | 4 |  4.0
Long Blades    | 3 |  3.0
Stealth        | |  0.7

Action                     || total
---------------------------++-------
  Melee: Long sword        ||    70
         Headbutt          ||     5
  Throw: Stone             ||     6
 Invoke: Recall Undead Har ||     1
    Use: Scroll            ||     5
         Potion            ||     3
 Armour: Scale mail        ||    32
  Dodge: Dodged            ||    40
  Block: Buckler           ||    15
